 Dungeon Crawl Stone Soup version 0.25.0-1-g7eea58d (webtiles) character file.

Game seed: 3055688854676295624

482 DoubleOhSeven the Ruffian (level 6, -3/61 HPs)
             Began as a Troll Monk on June 22, 2020.
             Was a Priest of Lugonu.
             Slain by an ogre
             ... wielding a +0 giant club
              (6 damage)
             ... on level 4 of the Dungeon.
             The game lasted 00:07:08 (3540 turns).

DoubleOhSeven the Ruffian (Troll Monk)              Turns: 3540, Time: 00:07:09

Health: -3/61      AC:  8    Str: 20    XL:     6   Next: 87%
Magic:  6/6        EV:  9    Int:  8    God:    Lugonu [***...]
Gold:   131        SH:  8    Dex: 12    Spells: 5/5 levels left

rFire    . . .     SeeInvis .     - Unarmed
rCold    . . .     Gourm    +   p - +0 kite shield
rNeg     . . .     Faith    .   a - +0 robe
rPois    .         Spirit   .   (helmet restricted)
rElec    .         Reflect  .   r - +1 cloak
rCorr    .         Harm     .   (gloves unavailable)
MR       .....                  (boots unavailable)
Stlth    ++........             (no amulet)
HPRegen  0.60/turn              (no ring)
MPRegen  0.10/turn              (no ring)

@: no status effects
A: large, unfitting armour, claws 3, fast metabolism 3, gourmand, regeneration
1, shaggy fur 1, tough skin 3
a: Depart the Abyss, Bend Space, Banish, Renounce Religion


You were on level 4 of the Dungeon.
You worshipped Lugonu.
Lugonu was most pleased with you.
You were very full.

You visited 1 branch of the dungeon, and saw 4 of its levels.

You collected 131 gold pieces.

Inventory:

Missiles
 f - 5 javelins
 j - 6 large rocks (quivered)
 k - 5 boomerangs
Armour
 a - a +0 robe (worn)
 p - a +0 kite shield (worn)
 r - a +1 cloak (worn)
Jewellery
 i - a cursed amulet of inaccuracy {unknown}
 t - an uncursed ring of magical power {unknown}
Scrolls
 e - 2 scrolls of enchant weapon
 g - 5 scrolls of teleportation
Potions
 c - 2 potions of degeneration
 d - a potion of cancellation
 m - a potion of lignification
 n - 3 potions of heal wounds {unknown}
 q - a potion of brilliance {unknown}
 s - 2 potions of curing {unknown}
Comestibles
 b - 5 rations
 h - a chunk of flesh


   Skills:
 + Level 3.5 Fighting
 + Level 2.1 Throwing
 + Level 3.6 Dodging
 - Level 1.0 Stealth
 + Level 1.7 Shields
 + Level 4.3 Unarmed Combat
 * Level 2.0 Invocations


You had 5 spell levels left.
You didn't know any spells.
Your spell library was empty.

Dungeon Overview and Level Annotations

Branches:
Dungeon (4/15)
 Temple: D:4-7

Altars:
Lugonu


Innate Abilities, Weirdness & Mutations

You are too large for most types of armour.
You have claws for hands.
Your metabolism is lightning-fast.
You like to eat raw meat.
Your natural rate of healing is unusually fast.
You are covered in fur. (AC +1)
You have extremely tough skin. (AC +3)


Message History

The ogre is moderately wounded.
The ogre barely misses you.
You scratch the ogre but do no damage.
The ogre is moderately wounded.
The ogre closely misses you.
You barely miss the ogre.
The ogre is moderately wounded.
The ogre hits you with a +0 giant club!!
You claw the ogre!
The ogre is severely wounded.
You see here a scorpion corpse.
You scratch the ogre.
The ogre is severely wounded.
The ogre hits you with a +0 giant club!!
You scratch the ogre.
The ogre is almost dead.
The ogre hits you with a +0 giant club!
* * * LOW HITPOINT WARNING * * *
The ogre hits you with a +0 giant club.
You die...

#......##..# ##..... ##.........#
#...... ##..........## ##......
##............## ##.......
...............## #........
................## #[.......
.................## #........
...........<...O..## ##........
..............#.@..# #.........
#...........#...#..# ###.......
#.............#....# ##...###
#...........#...#.## #####
#######....#..#..## #####
#######..........## #...##
.........###......####....# ##
#######..########.........######.
##.......# #####......##...#


You could see an ogre.

Vanquished Creatures
  A phantom (D:4)
  2 scorpions (D:4)
  Crazy Yiuf (D:2)
  A centaur skeleton (D:4)
  A hound (D:4)
  A bullfrog skeleton (D:4)
  A jelly (D:4)
  A worker ant zombie (D:4)
  3 gnolls (D:3)
  3 adders
  3 worms
  2 dart slugs
  3 leopard geckos
  5 orcs
  A ball python (D:3)
  4 giant cockroaches
  7 goblins
  3 hobgoblins
  5 quokkas
  10 bats
  5 frilled lizards
  10 kobolds
  5 rats
78 creatures vanquished.

Notes
Turn   | Place    | Note
-------+----------+-------------------------------------------
     0 | D:1      | DoubleOhSeven the Troll Monk began the quest for the Orb.
     0 | D:1      | Reached XP level 1. HP: 22/22 MP: 0/0
   129 | D:1      | Reached XP level 2. HP: 29/29 MP: 1/1
  1001 | D:2      | Reached XP level 3. HP: 36/36 MP: 2/2
  1663 | D:2      | Found a runed translucent door.
  1664 | D:2      | Noticed Crazy Yiuf
  1812 | D:2      | Killed Crazy Yiuf
  1812 | D:2      | Reached skill level 1 in Throwing
  1812 | D:2      | Reached XP level 4. HP: 35/45 MP: 3/3
  2146 | D:3      | Reached XP level 5. HP: 15/53 MP: 4/4
  2341 | D:3      | Reached skill level 1 in Shields
  2605 | D:3      | Found a faded altar of an unknown god.
  2839 | D:3      | Became a worshipper of Lugonu the Unformed
  2839 | D:3      | Reached * piety under Lugonu
  2839 | D:3      | Reached ** piety under Lugonu
  2839 | D:3      | Reached *** piety under Lugonu
  3049 | D:4      | Noticed a phantom
  3061 | D:4      | Killed a phantom
  3061 | D:4      | Reached skill level 4 in Unarmed Combat
  3061 | D:4      | Reached skill level 1 in Invocations
  3116 | D:4      | Reached XP level 6. HP: 55/61 MP: 5/5
  3538 | D:4      | HP: 2/61 [ogre/+0 giant club (17)]
  3540 | D:4      | Slain by an ogre

Illustrated notes

Levels and vault maps discovered:
D:1:      giann_bridges, layout_basic, minmay_misc_feat_tiny
D:2:      layout_loops_corners, uniq_crazy_yiuf_cottage
D:3:      layout_loops_ring, chequers_ecumenical_altar_lobes
D:4:      layout_cave_pods, hex_tiny, chequers_serial_rivers_micro_d

Skill      XL: |  1  2  3  4  5  6 |
---------------+-------------------+-----
Dodging        | 3 |  3.6
Fighting       | 3 |  3.5
Throwing       | 1 2 |  2.1
Shields        | 1 |  1.7
Unarmed Combat | 4 |  4.3
Invocations    | 1 2 |  2.0
Stealth        | |  1.0

Action                   |  1- 3 |  4- 6 || total
-------------------------+-------+-------++-------
Melee: Unarmed           |   100 |   143 ||   243
Throw: Large rock        |     3 |       ||     3
  Use: Scroll            |       |     9 ||     9
 Stab: Sleeping          |    11 |       ||    11
  Eat: Chunk             |    22 |    15 ||    37
Armor: Robe              |    36 |    55 ||    91
Dodge: Dodged            |    49 |    48 ||    97
Block: Kite shield       |     4 |    65 ||    69
